AoeStats
← julasseq

Nomad

503480270Analyzed
1v1 RM · 1mo ago on Aug 31, 2026· 72m 13s· 2 players
Game mode
Random Map
Map size
126×126
Population
200
Speed
Normal
Resources
Standard
Victory
Conquest
Starting age
Dark Age
Ending age
Imperial Age
RankedLock teamsTeams togetherTeam positionsShared explorationLock speedFull tech treeHidden civsTurbo modeCheats
Victory
Defeat
🇵🇱 Mongols · Poland
536
+17
🇨🇿 Franks · Czechia
557
-17
julasseq
17:03 Feudal Age
17:24 Horse Collar
18:23 Wheelbarrow
17:41 Gold Mining
17:34 Fishing Lines
20:21 Double-Bit Axe
24:34 Forging
24:17 Fletching
24:28 Padded Archer Armor
25:14 Stone Mining
28:32 Castle Age
27:12 Bloodlines
27:45 Scale Mail Armor
27:51 Scale Barding Armor
27:51 Arson
29:29 Husbandry
30:20 Iron Casting
29:49 Squires
31:29 Bow Saw
31:36 Hand Cart
31:45 Chain Barding Armor
31:30 Heavy Plow
31:25 Gillnets
35:47 Thumb Ring
36:07 Medium Warships
36:49 Chain Mail Armor
36:33 Bodkin Arrow
37:38 Gold Shaft Mining
38:14 Ballistics
40:05 Nomads
41:05 Masonry
43:07 Careening
43:08 Clinker Construction
45:48 Leather Archer Armor
52:30 Imperial Age
53:40 Heavy Warships
54:35 Chemistry
53:59 Conscription
53:18 Heavy Camel Rider
55:02 Blast Furnace
57:50 Drill
57:05 Capped Ram
59:26 Siege Engineers
59:13 Elite Mangudai
63:50 Bracer
kristiian
3:54 Loom
16:11 Feudal Age
26:15 Castle Age
25:15 Double-Bit Axe
25:29 Gold Mining
27:06 Scale Barding Armor
27:59 Wheelbarrow
27:09 Town Watch
32:19 Husbandry
36:58 Scale Mail Armor
37:00 Padded Archer Armor
41:13 Forging
43:38 Chain Mail Armor
43:38 Fletching
46:00 Leather Archer Armor
45:53 Bodkin Arrow
47:43 Chain Barding Armor
53:45 Iron Casting
57:37 Hand Cart
57:22 Town Patrol
61:39 Imperial Age
62:31 Cavalier
63:51 Plate Barding Armor
64:22 Chemistry
63:58 Plate Mail Armor
64:29 Blast Furnace
67:37 Paladin
Connection lost

Rejoining the realm…

Still unreachable

The connection could not be restored.

Session expired

The server has moved on; the page needs a fresh start.